 Dungeon Crawl Stone Soup version 0.26.1-11-gd32895ea62 (webtiles) character file.

Game seed: 473761277254472313

22 phalm the Ruffian (level 2, 0/29 HPs)
             Began as a Troll Monk on May 5, 2021.
             Splashed by a jelly's acid (7 damage)
             ... on level 1 of the Dungeon.
             The game lasted 00:01:17 (602 turns).

phalm the Ruffian (Troll Monk)                       Turns: 602, Time: 00:01:17

Health: 0/29       AC: -3    Str: 18    XL:     2   Next: 68%
Magic:  1/1        EV: 10    Int:  6    God:
Gold:   66         SH:  0    Dex: 12    Spells: 1/1 levels left

rFire    . . .     SeeInvis .     - Unarmed
rCold    . . .     Faith    .   (no shield)
rNeg     . . .     Spirit   .   f - -1 robe (curse)
rPois    .         Reflect  .   (helmet restricted)
rElec    .         Harm     .   (no cloak)
rCorr    .         Rampage  .   (gloves unavailable)
Will     .....                  (boots unavailable)
Stlth    ++........             (no amulet)
HPRegen  0.49/turn              (no ring)
MPRegen  0.07/turn              (no ring)

@: corroded
A: large, unfitting armour, claws 3, regeneration 1, shaggy fur 1, tough skin 3
a: no special abilities


You were on level 1 of the Dungeon.
You visited 1 branch of the dungeon, and saw 2 of its levels.

You collected 66 gold pieces.


Innate Abilities, Weirdness & Mutations

You are too large for most types of armour.
You have claws for hands.
Your natural rate of healing is unusually fast.
You are covered in fur. (AC +1)
You have extremely tough skin. (AC +3)


   Skills:
 + Level 2.6 Fighting
 + Level 2.6 Dodging
 - Level 1.0 Stealth
 * Level 3.6 Unarmed Combat


You had one spell level left.
You didn't know any spells.
Your spell library was empty.

Inventory:

Missiles
 d - 20 arrows
Armour
 a - a +0 robe
 f - a cursed -1 robe (worn)
   (You found it on level 1 of the Dungeon)
 h - a cursed +0 robe
   (You found it on level 1 of the Dungeon)
Scrolls
 b - a scroll of enchant armour {unknown}
 c - a scroll of magic mapping {unknown}
 g - 2 scrolls of teleportation {unknown}
 i - a scroll of remove curse {unknown}
 k - a scroll of identify {unknown}
Potions
 e - a potion of attraction {unknown}
 j - a potion of mutation {unknown}
 l - a potion of degeneration {unknown}

Dungeon Overview and Level Annotations

Branches:
Dungeon (2/15)

Altars:

##### #...# #...# #...# #...#
#.J.#### #.@g...###
#..†##...###### ###
#....###......#
#.####......###.##### ##
#.........###.....#.###. #####
####..#####.............
#...#######.# #....##....#.#..
#...........###..#####...####.
#...............## ###).# ##


You could see a jelly and a goblin.


Message History

No target in view!
No target in view!
A leopard gecko is nearby!
Things that are here:
12 gold pieces; a spear The helpless leopard gecko fails to defend itself.
You scratch the leopard gecko but do no damage.
The leopard gecko bites you but does no damage. x2
You closely miss the leopard gecko. The leopard gecko bites you. 😕 HP[-3]
You take 3 damage, and now have 26/29 hp.
You claw the leopard gecko!
You kill the leopard gecko!
No target in view!
No target in view!
You now have 52 gold pieces (gained 12).
You see here a spear.
You now have 66 gold pieces (gained 14).
There is a stone staircase leading down here.
There is a stone staircase leading down here.
Found a stone staircase leading down. 😎 HP[+3]
Your hp is fully restored (29).
Done exploring.
Done exploring.
(D) Dungeon
Where to? (? - help)
There is a stone staircase leading down here.
You climb downwards.
A rat and 2 goblins come into view.
The goblin shouts! x2
Found 28 bolts, 2 inky potions and a club.
Found a stone staircase leading up.
There is a stone staircase leading up here.
A worm and a kobold come into view.
A jelly comes into view.
The kobold moves out of view.
Found an inky potion.
Found a stone staircase leading down.
The goblin misses you.
You closely miss the goblin.
The jelly quivers.
The goblin hits you but does no damage.
You claw the goblin!
You kill the goblin!
The worm completely misses you.
You barely miss the jelly. The goblin barely misses you.
The jelly hits you but does no damage.
You barely miss the jelly. The worm bites you! The goblin closely misses you.
The jelly hits you but does no damage. 😮 HP[-11]
You take 11 damage, and now have 18/29 hp.
MASSIVE DAMAGE!! (PAUSE) 😮 HP[+1]
The goblin hits you but does no damage.
There is a stone staircase leading up here. 😮 HP[+1]
The kobold hits you.
You climb upwards.
There is a stone staircase leading down here. 😮 HP[-1]
You take 1 damage, and now have 19/29 hp.
You are too injured to fight recklessly!
You are too injured to fight recklessly!
You are too injured to fight recklessly!
You closely miss the rat. The kobold closely misses you.
The rat closely misses you.
You closely miss the rat. The kobold hits you.
The rat bites you but does no damage. 😮 HP[-1]
You take 1 damage, and now have 18/29 hp.
You scratch the rat.
You kill the rat!
The kobold barely misses you.
You closely miss the kobold. The kobold hits you.
You scratch the kobold.
You kill the kobold!
Done exploring. 😎 HP[+11]
Your hp is fully restored (29).
You climb downwards.
The goblin barely misses you. The jelly completely misses you.
There is a stone staircase leading up here.
The goblin hits you. The jelly hits you but does no damage.
You climb upwards.
There is a stone staircase leading down, spattered with blood here.
You claw the jelly! The acid corrodes you!
Your claws burn!
The goblin hits you. The jelly hits you. The acid corrodes you!
You are splashed with acid! 😮 HP[-12]
You take 12 damage, and now have 17/29 hp.
MASSIVE DAMAGE!! (PAUSE)
You are too injured to fight recklessly!
You are too injured to fight recklessly!
You scratch the jelly but do no damage.
Your claws burn!
* * * LOW HITPOINT WARNING * * *
The goblin hits you.
* * * LOW HITPOINT WARNING * * *
The jelly hits you.
* * * LOW HITPOINT WARNING * * *
You are splashed with acid!
You die...

Action                   || total
-------------------------++-------
Melee: Unarmed           ||    54
 Stab: Sleeping          ||     3
Armor: Robe              ||    23
Dodge: Dodged            ||    34

Levels and vault maps discovered:
D:1:      dpeg_arrival_arbitrary_b, layout_rooms, bh_walls_and_bars
D:2:      layout_basic, lemuel_doored_altar, ebering_dispersal_statue_hall,
          guppyfry_early_orc_mine

Notes
Turn   | Place    | Note
-------+----------+-------------------------------------------
     0 | D:1      | phalm the Troll Monk began the quest for the Orb.
     0 | D:1      | Reached XP level 1. HP: 22/22 MP: 0/0
     0 | D:1      | magus.rc [v1.9.10]
   101 | D:1      | Reached XP level 2. HP: 29/29 MP: 1/1
   602 | D:1      | HP: 7/29 [jelly (2)]
   602 | D:1      | Splashed by a jelly's acid

Vanquished Creatures
  A leopard gecko (D:1)
  2 goblins
  3 hobgoblins (D:1)
  A ball python (D:1)
  4 bats (D:1)
  3 frilled lizards (D:1)
  3 kobolds (D:1)
  7 rats (D:1)
24 creatures vanquished.

Table legend:
 A = Non-vault XP
 B = Vault XP
 C = Vault XP percentage of total XP
 D = Non-vault monster count
 E = Vault monster count
 F = Vault count percentage of total count
                 A         B        C        D         E       F
            +---------+---------+-------+---------+---------+-------
      Total |      32 |       0 |   0.0 |      24 |       0 |   0.0
            +---------+---------+-------+---------+---------+-------
        D:1 |      30 |       0 |   0.0 |      23 |       0 |   0.0
        D:2 |       2 |       0 |   0.0 |       1 |       0 |   0.0
            +---------+---------+-------+---------+---------+-------

Illustrated notes

Table legend:
 A = Kills in this place as a percentage of kills in entire the game.
 B = Kills by you in this place as a percentage of kills by you in the entire game.
 C = Kills by friends in this place as a percentage of kills by friends in the entire game.
 D = Other kills in this place as a percentage of other kills in the entire game.
 E = Experience gained in this place as a percentage of experience gained in the entire game.
 F = Experience gained in this place divided by the number of levels of this place that you have seen.
                   A       B       C       D       E      F
               +-------+-------+-------+-------+-------+----------------------
         Total | 100.0 | 100.0 |   N/A |   N/A | 100.0 |  16.0
       Dungeon | 100.0 | 100.0 |   N/A |   N/A | 100.0 |  16.0
               +-------+-------+-------+-------+-------+----------------------

Table legend: (Time is in decaauts)
 A = Elapsed time spent in this place.
 B = Non-inter-level travel time spent in this place.
 C = Inter-level travel time spent in this place.
 D = Time resting spent in this place.
 E = Time spent auto-exploring this place.
 F = Levels seen in this place.
 G = Mean time per level.
                   A        B        C        D        E       F      G
               +--------+--------+--------+--------+--------+-----+--------+
         Total |    599 |    590 |      9 |      0 |    434 |   2 |  299.5 |
       Dungeon |    599 |    590 |      9 |      0 |    434 |   2 |  299.5 |
               +--------+--------+--------+--------+--------+-----+--------+

Top non-repeatable levels by time:
     D:1: 585 daAuts
     D:2: 14 daAuts
